 Dungeon Crawl Stone Soup version 0.19.1-1-g22dce08 (webtiles) character file.

135 Alarkh the Cleaver (level 4, -1/35 HPs)
             Began as a Demonspawn Monk on Jan 5, 2017.
             Killed by divine providence
             ... invoked by an orc priest
              (13 damage)
             ... on level 4 of the Dungeon.
             The game lasted 00:02:26 (1540 turns).

Alarkh the Cleaver (Demonspawn Monk)                Turns: 1540, Time: 00:02:27

Health: -1/35      AC:  2    Str: 11    XL:     4   Next: 96%
Magic:  4/4        EV: 13    Int: 12    God:
Gold:   136        SH:  0    Dex: 18    Spells: 0 memorised, 3 levels left

rFire  . . .     SeeInvis .     a - +0 hand axe
rCold  . . .     Gourm    .     b - +0 robe
rNeg   . . .     Faith    .     (no shield)
rPois  .         Spirit   .     (no helmet)
rElec  .         Reflect  .     (no cloak)
rCorr  .         Harm     .     (no gloves)
MR     .....                    (no boots)
Stlth  +++.......               (no amulet)
                                (no ring)
                                (no ring)

@: very slightly contaminated, hasted, very quick
A: thin skeletal structure 1, powered by death 1
a: no special abilities


You were on level 4 of the Dungeon.
You were not hungry.

You visited 1 branch of the dungeon, and saw 4 of its levels.

You collected 136 gold pieces.

Inventory:

Hand Weapons
 a - a +0 hand axe (weapon)
Armour
 b - a +0 robe (worn)
Scrolls
 d - a scroll of enchant armour {unknown}
 e - a scroll of blinking {unknown}
 f - a scroll of identify
 i - 2 scrolls of remove curse {unknown}
 m - a scroll of enchant weapon {unknown}
 n - a scroll of random uselessness {unknown}
 p - a scroll of magic mapping {unknown}
 r - a scroll of noise {unknown}
Potions
 j - a potion of flight
 o - a potion of mutation
Comestibles
 c - 2 bread rations
 g - a beef jerky
 l - a meat ration


   Skills:
 - Level 3.0 Fighting
 + Level 10.4 Axes
 - Level 2.6 Dodging
 - Level 1.7 Stealth


You had 3 spell levels left.
You didn't know any spells.

Dungeon Overview and Level Annotations

Branches:
Dungeon (4/15)
 Temple: D:4-7

Altars:
Hepliaklqana

Annotations:
D:3 Quirk's ghost, amateur DsFi


Innate Abilities, Weirdness & Mutations

You have a somewhat thin skeletal structure. (Dex +2, Stealth)
You regenerate a little health from kills.


Message History

The orc priest hits you with a club!
You closely miss the orc priest.
The orc priest is severely wounded.
You hit the orc priest but do no damage.
The orc priest is severely wounded.
The orc priest closely misses you.
You hit the orc priest but do no damage.
The orc priest is severely wounded.
You hit the orc priest but do no damage.
The orc priest is severely wounded.
The orc priest invokes the aid of Beogh against you.
Beogh smites you!
You hit the orc priest but do no damage.
The orc priest is severely wounded.
Okay, then.
You closely miss the orc priest.
The orc priest is severely wounded.
The orc priest invokes the aid of Beogh against you.
Beogh smites you!
You die...

####....###
+....#####
#...(.....
#..#.##### ###
#..#...
###+#..
#..#####
#.....#
#..#####.
#...o.#
#........#
+....@####
#.######.#
#..^)))..# #.#
#.....##.# #.#
#(....##.###.#
#.$...##.....#
#.....########
#.....#
#######


You could see an orc priest.

Vanquished Creatures
  An adder (D:2)
  2 oozes
  2 dart slugs (D:1)
  2 leopard geckos (D:2)
  4 orcs (D:4)
  A ball python (D:2)
  A giant cockroach (D:1)
  3 goblins
  6 hobgoblins
  4 kobolds
  2 quokkas (D:2)
  5 bats
  2 frilled lizards (D:2)
  4 rats
39 creatures vanquished.

Notes
Turn   | Place    | Note
-------+----------+-------------------------------------------
     0 | D:1      | Alarkh the Demonspawn Monk began the quest for the Orb.
     0 | D:1      | Reached XP level 1. HP: 18/18 MP: 1/1
    64 | D:1      | Reached skill level 3 in Axes
   299 | D:1      | Gained mutation: You regenerate a little health from kills. [demonic ancestry]
   299 | D:1      | Reached XP level 2. HP: 16/24 MP: 2/2
   617 | D:2      | Found a hazy altar of Hepliaklqana.
   644 | D:2      | Gained mutation: You have a somewhat thin skeletal structure. (Dex +2, Stealth) [demonic ancestry]
   644 | D:2      | Reached XP level 3. HP: 23/29 MP: 3/3
   759 | D:2      | Reached skill level 4 in Axes
  1479 | D:3      | Noticed Quirk's ghost (amateur DsFi)
  1522 | D:4      | Reached skill level 10 in Axes
  1522 | D:4      | Reached XP level 4. HP: 31/35 MP: 4/4
  1540 | D:4      | Killed from afar by an orc priest

Skill      XL: |  1  2  3 |
---------------+----------+-----
Axes           | 3 10 | 10.4
Fighting       | |  3.0
Dodging        | |  2.6
Stealth        | |  1.7

Action                   |  1- 3 |  4- 6 || total
-------------------------+-------+-------++-------
Melee: Hand axe          |   119 |    18 ||   137
  Use: Scroll            |     3 |       ||     3
       Potion            |     3 |       ||     3
 Stab: Sleeping          |     9 |       ||     9
  Eat: Chunk             |     2 |       ||     2
Armor: Robe              |    13 |     1 ||    14
Dodge: Dodged            |    90 |    10 ||   100
